Map: [ESL] Hardwire

Players

HeroMarine - Winner!

  • Race: Terran Terran

Solar

  • Race: Zerg Zerg

Event: IEM Katowice 2022

VOD

Have the link to the VOD?

Description

Time

  • Played on: Feb. 26, 2022, 2:36 p.m.
  • Length: 25:02

All games in this series

Show
View Real Time Build Order
Export as new Build Order

HeroMarine Terran - Winner!

Build Orders: Reaper Expand 

Get SALT Encoding   

  12  0:00  SCV  
  13  0:12  SCV  
  14  0:17  Supply Depot  
  14  0:24  SCV  
  15  0:38  SCV  
  15  0:40  Barracks  
  16  0:44  Refinery  
  16  0:50  SCV  
  17  1:03  SCV  
  18  1:15  SCV  
  19  1:27  Reaper, Orbital Command  
  20  1:40  Command Center  
  20  1:47  Supply Depot  
  20  1:53  SCV  
  21  1:59  Marine  
  22  2:05  SCV  
  22  2:07  Factory  
  23  2:12  Refinery  
  23  2:17  SCV  
  23  2:21  Barracks Reactor  
  24  2:29  SCV  
  25  2:41  SCV  
  26  2:52  Orbital Command  
  26  2:53  SCV, Starport  
  27  3:01  Hellion x2  
  27  3:05  SCV  
  32  3:17  SCV  
  33  3:21  SCV  
  33  3:22  Hellion x2  
  33  3:26  Supply Depot  
  38  3:29  Fusion Core  
  38  3:30  SCV  
  38  3:31  Starport Tech Lab  
  38  3:33  SCV  
  40  3:42  SCV  
  40  3:45  SCV  
  42  3:50  Command Center  
  42  3:54  SCV  
  43  3:56  Supply Depot  
  43  4:02  SCV  
  44  4:06  SCV  
  45  4:14  SCV  
  46  4:18  SCV, Battlecruiser  
  46  4:20  Supply Depot  
  46  4:22  Hellion  
  55  4:25  Hellion  
  55  4:30  SCV  
  55  4:31  SCV  
  59  4:35  Barracks Tech Lab  
  59  4:42  SCV  
  59  4:43  SCV  
  59  4:44  Hellion  
  63  4:46  Hellion  
  63  4:52  Supply Depot  
  65  4:53  Stimpack, Marine  
  65  4:54  SCV  
  65  4:55  SCV  
  68  5:02  Refinery, Orbital Command  
  68  5:06  SCV  
  69  5:07  SCV  
  69  5:10  Barracks  
  69  5:11  Barracks  
  69  5:14  Marine  
  70  5:15  Factory Reactor  
  70  5:17  Engineering Bay  
  70  5:18  Engineering Bay  
  70  5:19  SCV  
  72  5:22  SCV  
  72  5:24  Refinery  
  73  5:31  SCV  
  73  5:32  Marine  
  73  5:33  Orbital Command  
  73  5:35  SCV  
  76  5:37  Starport Reactor  
  76  5:43  SCV  
  76  5:45  Terran Infantry Weapons Level 1, Terran Infantry Armor Level 1  
  76  5:49  SCV, Marine  
  76  5:51  Barracks  
  76  5:53  Barracks  
  76  5:55  SCV  
  78  5:59  SCV, Factory Reactor  
  78  6:01  SCV, Marine x2  
  78  6:02  Supply Depot x2  
  82  6:08  SCV, Marine x2  
  82  6:09  Marine  
  86  6:11  SCV  
  86  6:16  SCV  
  84  6:19  Marine x2  
  84  6:20  SCV, Medivac x2  
  84  6:23  SCV  
  81  6:26  Marine x2  
  81  6:28  SCV  
  81  6:29  Supply Depot x2  
  81  6:31  Supply Depot  
  81  6:32  Supply Depot, SCV, Marine  
  85  6:35  SCV  
  85  6:37  Marine x2  
  85  6:38  Barracks Reactor  
  89  6:40  Barracks Reactor, SCV  
  89  6:41  Widow Mine x2  
  89  6:44  SCV  
  89  6:46  Refinery  
  95  6:47  SCV, Marine  
  95  6:48  Armory  
  95  6:51  Marine  
  95  6:53  SCV, Marine  
  100  6:55  Marine  
  100  6:56  SCV  
  100  6:59  Marine  
  100  7:01  Combat Shield  
  103  7:04  SCV  
  103  7:05  SCV, Marine  
  106  7:09  Marine  
  106  7:11  Supply Depot, Marine  
  106  7:12  Supply Depot  
  106  7:13  Marine, Factory  
  106  7:15  Widow Mine x2, Medivac  
  113  7:17  Marine  
  113  7:18  Medivac  
  113  7:20  Marine x2  
  120  7:24  Marine x3  
  120  7:27  Marine  
  120  7:29  Marine  
  125  7:31  Marine  
  125  7:32  SCV x2  
  125  7:33  SCV  
  125  7:35  Marine  
  124  7:38  Marine x2  
  124  7:42  Marine x3  
  124  7:44  Widow Mine x2  
  133  7:45  Marine, Medivac  
  133  7:47  Marine  
  133  7:48  Medivac  
  133  7:49  Marine  
  138  7:53  Marine  
  138  7:55  Marine  
  138  7:56  Barracks, Marine  
  141  7:59  Marine  
  141  8:00  Barracks, Marine x2, Terran Infantry Weapons Level 2  
  141  8:02  Terran Infantry Armor Level 2  
  144  8:10  Marine x4  
  148  8:13  Marine  
  148  8:15  Factory Tech Lab  
  149  8:21  Marine, Medivac x2  
  149  8:22  Supply Depot  
  149  8:25  Terran Vehicle And Ship Armor Level 1  
  154  8:29  Marine x3  
  157  8:41  Marine  
  157  8:42  Marauder  
  157  8:43  Marine  
  157  8:44  Widow Mine x2  
  162  8:51  Barracks Tech Lab  
  162  8:52  Marine, Marauder  
  162  8:53  Marine  
  164  9:02  Marine x2  
  157  9:03  Marauder  
  157  9:06  Marine x2  
  157  9:07  Marine  
  134  9:10  Siege Tank  
  134  9:11  Widow Mine x2  
  134  9:12  Marauder, Marine  
  134  9:13  Marine, Marauder  
  134  9:14  Medivac  
  134  9:15  Medivac  
  151  9:17  Command Center  
  151  9:20  Marine x2  
  151  9:23  Marine  
  154  9:24  Marine, Marauder  
  154  9:25  Marine x2  
  154  9:30  Drilling Claws, Marine x2  
  153  9:32  Widow Mine x2  
  153  9:33  Marauder  
  153  9:35  Marauder  
  153  9:36  Supply Depot  
  161  9:38  Supply Depot  
  164  9:54  Marine  
  164  9:57  Supply Depot  
  164  9:58  Supply Depot, Marine x2, Marauder x3  
  172  10:04  Marine x2  
  172  10:06  Liberator  
  174  10:11  Liberator  
  174  10:14  Marine x2  
  174  10:15  Marine  
  174  10:16  Marine x2  
  174  10:17  Widow Mine  
  174  10:19  Widow Mine, Siege Tank  
  174  10:20  Supply Depot, Marauder x3, Ghost Academy  
  192  10:24  Terran Infantry Weapons Level 3  
  192  10:35  Marine  
  192  10:36  Marine x2  
  192  10:37  Marine x2  
  192  10:41  Marauder  
  199  10:42  Marine  
  199  10:46  Terran Infantry Armor Level 3  
  199  10:48  Marine  
  199  10:49  Marine  
  187  10:54  SCV, Marauder  
  181  10:57  SCV  
  181  10:58  SCV, Marauder  
  181  11:01  Marine x2  
  181  11:03  Marine x2  
  187  11:04  Widow Mine  
  187  11:06  Marine x2  
  187  11:10  Planetary Fortress  
  186  11:21  Marauder, Marine  
  186  11:22  Marine  
  186  11:23  Ghost  
  186  11:24  Marine x2  
  194  11:26  Marine x3  
  194  11:30  Siege Tank  
  200  11:34  Factory Tech Lab  
  198  11:45  Marauder  
  195  11:55  Marauder  
  195  11:56  Marine  
  195  11:57  Marauder  
  200  12:07  Terran Vehicle And Ship Armor Level 2  
  200  12:14  Ghost  
  200  12:15  Ghost, Marine x2  
  182  12:16  Widow Mine x2  
  182  12:18  Marine x2, Marauder  
  182  12:19  Command Center  
  182  12:20  Command Center  
  182  12:21  Refinery  
  182  12:22  Barracks, Refinery  
  180  12:24  Barracks  
  180  12:25  SCV  
  180  12:26  SCV x2  
  180  12:27  SCV  
  184  12:32  Marine x2  
  184  12:36  Marine x2  
  188  12:38  SCV x3  
  188  12:39  SCV  
  188  12:40  Marauder  
  188  12:44  Marauder, Marine x2  
  196  12:45  Marauder  
  200  12:53  Barracks  
  198  13:01  Marauder  
  198  13:04  Ghost  
  198  13:05  Ghost  
  194  13:06  Marine x2  
  194  13:09  Marine  
  194  13:10  Marine  
  194  13:11  Marine  
  194  13:12  Marine  
  195  13:18  Widow Mine x2  
  184  13:21  Marine x2  
  184  13:22  Barracks Reactor, Barracks Tech Lab  
  184  13:23  Marauder  
  184  13:24  Marine x2  
  188  13:28  Marine x2  
  188  13:29  Marine x2  
  188  13:30  Medivac x2  
  188  13:33  Orbital Command  
  188  13:34  Ghost, Marauder  
  198  13:39  Widow Mine  
  198  13:41  Marauder  
  192  13:55  Marauder  
  144  13:57  Marauder  
  144  13:58  Marine x3  
  144  13:59  Marine x3  
  144  14:00  Marine x6, Medivac x2  
  144  14:01  Siege Tank x2  
  144  14:02  Marauder  
  164  14:03  Marauder  
  157  14:15  Marine  
  157  14:16  Marine x3, Marauder  
  159  14:17  Marine x3  
  159  14:19  Marauder  
  159  14:23  Marine  
  159  14:24  Marauder x2  
  165  14:27  Marine x2, Orbital Command  
  165  14:28  Marine x2  
  165  14:30  Medivac  
  156  14:33  Marine x2  
  156  14:34  Marine x2  
  156  14:35  Marine  
  156  14:37  Ghost  
  163  14:39  Ghost, Medivac  
  163  14:40  Marine  
  163  14:41  Siege Tank  
  163  14:43  SCV  
  163  14:45  Ghost, Marauder  
  173  14:52  Siege Tank  
  178  14:53  Marine  
  178  14:59  Marine  
  180  15:01  Marine  
  180  15:03  Marine  
  180  15:05  Ghost  
  184  15:07  Refinery, Marine x2  
  184  15:08  Marine x2  
  184  15:10  Marine x2  
  184  15:13  Siege Tank  
  190  15:21  Medivac x2  
  190  15:22  Marine x5  
  190  15:24  Marine x3, Siege Tank  
  190  15:26  Marine x2  
  191  15:45  Siege Tank  
  191  15:46  Marauder  
  196  15:50  Ghost  
  196  15:54  Refinery x2  
  196  16:06  Siege Tank  
  196  16:09  Marine x2  
  196  16:10  Marine x2  
  191  16:17  Siege Tank  
  180  16:38  Marine, Siege Tank  
  180  16:39  Marine x15  
  198  16:56  Missile Turret, Marine  
  198  16:57  Reaper x2  
  200  17:05  Marine  
  200  17:06  Marine  
  196  17:10  Siege Tank  
  199  17:20  Siege Tank  
  199  17:21  Marine  
  182  17:23  Orbital Command  
  182  17:26  Marine  
  182  17:28  Marine  
  177  17:32  Marine  
  177  17:33  Marine  
  177  17:35  Marine x3  
  178  17:42  Marine x3, Siege Tank  
  178  17:43  Reaper  
  164  17:44  Marine  
  157  17:52  Siege Tank  
  157  17:56  Orbital Command  
  145  18:07  Orbital Command  
  129  18:28  Orbital Command  
  105  19:02  Command Center  
  91  19:14  Orbital Command  
  71  21:04  Orbital Command  
  67  21:36  Orbital Command  
  67  22:02  Orbital Command  
  67  22:06  Orbital Command  
Show
View Real Time Build Order
Export as new Build Order

Solar Zerg 

Build Orders: Hatch First, Lurkers 

Get SALT Encoding   

  12  0:00  Drone  
  13  0:12  Overlord  
  13  0:17  Drone  
  14  0:31  Drone x2  
  16  0:47  Hatchery  
  15  0:50  Drone  
  15  0:53  Drone  
  17  0:57  Drone  
  18  1:08  Extractor  
  17  1:12  Spawning Pool  
  17  1:15  Drone  
  17  1:18  Drone  
  18  1:28  Drone  
  19  1:39  Drone  
  20  1:50  Drone  
  21  1:59  Queen x2  
  21  2:00  Zergling x4  
  27  2:12  Overlord  
  27  2:16  Metabolic Boost  
  27  2:18  Zergling x2  
  28  2:31  Hatchery  
  28  2:32  Drone x2  
  28  2:34  Drone  
  30  2:41  Queen  
  31  2:46  Overlord  
  31  2:49  Drone  
  32  2:52  Drone  
  32  2:54  Drone  
  34  2:59  Drone  
  35  3:06  Drone x2  
  35  3:09  Drone x3  
  40  3:14  Queen  
  42  3:20  Overlord  
  42  3:22  Drone  
  42  3:26  Overlord  
  43  3:40  Drone  
  43  3:41  Drone x5  
  49  3:44  Queen  
  49  3:45  Drone  
  52  3:50  Queen, Zergling x4  
  52  3:54  Overlord  
  56  3:56  Drone x3  
  56  4:00  Overlord  
  59  4:04  Drone  
  59  4:06  Overlord  
  60  4:12  Drone  
  60  4:13  Drone  
  60  4:16  Overlord  
  62  4:19  Queen  
  62  4:22  Zergling x4  
  66  4:26  Spore Crawler  
  66  4:27  Drone  
  66  4:28  Drone x3  
  66  4:30  Lair  
  70  4:31  Drone  
  70  4:35  Drone x2  
  70  4:38  Drone x2  
  74  4:40  Drone x2, Extractor  
  74  4:42  Drone, Extractor  
  75  4:47  Overlord  
  75  4:49  Drone, Spore Crawler  
  75  4:50  Spore Crawler  
  74  4:53  Drone  
  74  4:55  Baneling Nest  
  74  4:56  Zergling x4  
  74  4:57  Queen  
  74  4:59  Drone  
  80  5:00  Drone  
  80  5:02  Overlord  
  80  5:04  Zergling x2  
  81  5:09  Evolution Chamber  
  81  5:10  Evolution Chamber  
  81  5:11  Drone x4  
  81  5:13  Drone  
  83  5:14  Drone  
  83  5:18  Drone x2  
  83  5:20  Evolution Chamber  
  83  5:21  Drone  
  87  5:23  Drone, Extractor  
  87  5:25  Extractor  
  86  5:29  Overlord  
  86  5:31  Drone x2  
  86  5:32  Zergling x2  
  86  5:33  Zergling x2  
  89  5:38  Drone x2  
  89  5:40  Drone x2  
  89  5:41  Drone  
  92  5:43  Overseer, Drone x2  
  92  5:45  Zergling x4  
  92  5:47  Drone  
  92  5:49  Drone  
  98  5:51  Centrifugal Hooks  
  98  5:52  Zerg Ground Armor Level 1  
  98  6:01  Zergling x4  
  98  6:02  Zergling x2  
  100  6:07  Drone  
  100  6:13  Hatchery, Drone x3  
  94  6:19  Drone x3  
  94  6:21  Zergling x4  
  94  6:22  Zergling x2  
  94  6:25  Zergling x6  
  99  6:26  Overlord  
  99  6:32  Hydralisk Den, Zergling x2  
  99  6:33  Zergling x2  
  99  6:36  Overlord  
  99  6:38  Zergling x4  
  99  6:39  Baneling  
  102  6:40  Baneling x7  
  102  6:45  Drone  
  104  6:49  Hatchery  
  104  6:51  Zergling x12  
  104  6:53  Overlord  
  109  6:56  Drone  
  109  6:59  Zerg Melee Weapons Level 1  
  109  7:00  Drone  
  109  7:01  Drone x3  
  111  7:03  Drone  
  111  7:05  Grooved Spines  
  111  7:07  Drone x4  
  116  7:09  Overseer  
  116  7:13  Baneling  
  116  7:14  Baneling x2  
  116  7:15  Zergling x2  
  117  7:16  Pneumatized Carapace  
  117  7:17  Zergling x2  
  117  7:18  Zergling x2  
  117  7:20  Zergling x6  
  122  7:25  Overlord  
  122  7:27  Overlord  
  122  7:29  Overlord  
  122  7:30  Overlord  
  122  7:31  Overlord  
  122  7:34  Overlord  
  122  7:36  Drone x2  
  122  7:37  Drone  
  122  7:39  Overlord  
  122  7:41  Overlord  
  121  7:49  Hydralisk x2  
  121  7:51  Zergling x4  
  127  7:52  Baneling  
  127  7:53  Zergling x2  
  127  7:56  Zerg Ground Armor Level 2  
  128  7:58  Hatchery  
  128  8:01  Drone x4  
  128  8:05  Queen  
  128  8:10  Hydralisk  
  128  8:11  Hydralisk x2  
  135  8:16  Zergling x6  
  135  8:17  Infestation Pit, Extractor  
  136  8:20  Hatchery, Zergling x2  
  136  8:21  Zergling x8  
  136  8:23  Zergling x4  
  136  8:26  Hydralisk  
  142  8:29  Drone x2  
  142  8:30  Drone x2  
  142  8:31  Spore Crawler  
  142  8:32  Muscular Augments  
  142  8:34  Hydralisk x2  
  147  8:37  Baneling x6  
  147  8:38  Drone  
  149  8:43  Zergling x4  
  129  8:49  Drone  
  129  8:50  Drone x6  
  129  8:54  Zerg Melee Weapons Level 2  
  132  8:56  Drone  
  132  8:58  Zergling x6  
  132  8:59  Baneling x11  
  132  9:00  Drone  
  132  9:01  Drone  
  128  9:05  Zergling x2  
  128  9:06  Zergling x4  
  123  9:11  Hydralisk x4  
  123  9:14  Drone  
  123  9:15  Drone  
  133  9:18  Hive  
  133  9:19  Hydralisk  
  133  9:22  Zergling x6  
  138  9:25  Drone x2  
  138  9:28  Drone, Swarm Host  
  138  9:29  Drone x2  
  135  9:34  Drone x4  
  135  9:37  Drone  
  140  9:42  Baneling x12  
  140  9:43  Zergling x4  
  142  9:46  Zergling x6  
  142  9:47  Zergling x2  
  142  9:50  Zergling x2  
  142  9:51  Zergling x4  
  147  9:55  Zergling x6  
  149  10:00  Zergling x10  
  149  10:04  Drone x4  
  149  10:05  Drone  
  158  10:08  Hydralisk  
  158  10:12  Spore Crawler, Zergling x6  
  163  10:14  Zergling x4  
  163  10:15  Zergling x2  
  163  10:16  Zergling x2  
  163  10:17  Zergling x2  
  163  10:19  Zergling x2  
  165  10:22  Hydralisk x2  
  165  10:26  Baneling  
  165  10:28  Overlord  
  169  10:29  Viper  
  169  10:34  Zergling x2  
  169  10:35  Zergling x4  
  175  10:36  Zergling x4  
  175  10:38  Zergling x2  
  174  10:46  Zergling x4  
  174  10:47  Baneling x8  
  165  10:50  Zergling x10  
  165  10:55  Zerg Missile Weapons Level 1  
  165  10:56  Zergling x2  
  165  10:57  Zergling x12  
  170  11:02  Zergling x12  
  169  11:07  Zergling x4  
  169  11:09  Baneling x4  
  169  11:10  Zergling x10  
  171  11:12  Adrenal Glands  
  171  11:13  Lurker Den  
  171  11:15  Baneling x2, Zergling x6  
  171  11:16  Zergling x2  
  174  11:20  Extractor  
  174  11:25  Drone x3  
  174  11:26  Zergling x16  
  174  11:28  Zerg Ground Armor Level 3  
  182  11:35  Zergling x6  
  182  11:38  Zergling x10  
  186  11:41  Baneling x4  
  186  11:45  Zergling x10  
  191  11:51  Zergling x8  
  189  11:57  Baneling x6  
  189  11:58  Zergling x12  
  194  12:05  Zergling x10  
  194  12:08  Zergling x2  
  199  12:15  Zergling x14  
  188  12:16  Hydralisk x2  
  188  12:20  Baneling x4  
  188  12:21  Zergling x2  
  188  12:24  Zergling x6  
  188  12:28  Seismic Spines  
  189  12:31  Zergling x4  
  189  12:32  Zergling x2  
  189  12:33  Zergling x2  
  189  12:34  Zergling x4  
  195  12:37  Zergling x6  
  195  12:41  Zergling x6  
  195  12:43  Baneling x7  
  198  12:49  Zergling x4  
  198  12:52  Zergling x2  
  199  13:03  Zergling x8  
  200  13:08  Hydralisk  
  193  13:13  Zergling x2  
  193  13:14  Zergling x10  
  199  13:21  Zerg Melee Weapons Level 3  
  199  13:24  Burrow, Zergling x4  
  199  13:25  Zergling x2  
  200  13:28  Hatchery, Zergling x2  
  200  13:30  Baneling x11  
  200  13:31  Overseer  
  200  13:32  Baneling x7  
  200  13:33  Zergling x2  
  200  13:39  Zergling x2  
  200  13:40  Hatchery, Zergling x2  
  199  13:41  Baneling x2  
  199  13:42  Baneling x11  
  199  13:45  Overlord  
  188  13:53  Zergling x22  
  188  13:55  Adaptive Talons  
  174  13:58  Zergling x6  
  174  14:00  Zergling x4  
  174  14:02  Zergling x6  
  178  14:05  Zerg Missile Weapons Level 2  
  178  14:06  Hydralisk x2  
  175  14:10  Zergling x10  
  175  14:13  Hydralisk  
  175  14:16  Drone  
  175  14:17  Drone x2  
  173  14:19  Drone  
  173  14:23  Drone  
  173  14:26  Hydralisk x4  
  173  14:30  Zergling x4  
  171  14:32  Drone  
  171  14:34  Zergling x2  
  171  14:37  Baneling x2  
  170  14:42  Drone x5  
  170  14:43  Overseer  
  171  14:46  Lurker x5  
  171  14:48  Zergling x12  
  182  14:53  Drone x4  
  182  14:55  Lurker  
  182  14:57  Zergling x2  
  188  15:00  Zergling x10  
  188  15:02  Zergling x4  
  188  15:06  Zergling x2  
  188  15:07  Zergling x2  
  197  15:09  Overseer  
  197  15:10  Lurker x3  
  197  15:12  Baneling x2  
  197  15:14  Spore Crawler  
  199  15:15  Zergling x2  
  199  15:32  Zergling x10  
  199  15:37  Drone  
  199  15:41  Drone  
  198  15:43  Drone x2  
  198  15:47  Zergling x18  
  198  15:48  Zergling x12  
  198  15:50  Zergling x2  
  198  15:51  Overseer  
  198  15:52  Nydus Network  
  198  15:53  Zergling x2  
  198  15:56  Baneling x10  
  199  15:57  Hydralisk x4  
  199  16:02  Spore Crawler  
  199  16:04  Zergling x2  
  199  16:06  Zergling x2  
  199  16:10  Hatchery  
  199  16:11  Lurker x4  
  194  16:19  Zergling x16  
  194  16:22  Zergling x14  
  194  16:24  Hydralisk x3  
  194  16:25  Zergling x2  
  193  16:32  Nydus Canal  
  193  16:33  Zergling x14  
  193  16:34  Baneling  
  193  16:35  Baneling x7, Viper  
  200  16:43  Zergling x2  
  200  16:50  Zergling x2  
  200  16:53  Hatchery  
  200  16:54  Zergling x2  
  200  16:57  Zergling x2  
  200  16:58  Zergling x2  
  199  17:04  Zergling x2  
  199  17:07  Zergling x2  
  199  17:10  Baneling  
  199  17:11  Baneling x2, Zergling x2  
  199  17:14  Zergling x2  
  197  17:16  Zergling x6  
  197  17:17  Zergling x2  
  197  17:21  Zergling x2  
  200  17:29  Zergling x6  
  194  17:30  Zergling x8  
  194  17:31  Zergling x2  
  194  17:32  Zergling x6  
  192  17:39  Zergling x22  
  192  17:40  Zergling x6  
  194  17:46  Overseer, Lurker x8  
  194  17:49  Spawning Pool  
  194  17:50  Queen  
  189  17:52  Zergling x12  
  189  17:55  Overlord x4, Baneling Nest  
  179  17:59  Overseer  
  179  18:00  Overlord  
  179  18:02  Overlord  
  159  18:06  Zergling x6  
  143  18:14  Zergling x4  
  143  18:18  Zergling x12  
  145  18:20  Zergling x6  
  145  18:21  Queen x2  
  145  18:22  Zergling x2  
  148  18:30  Zergling x10  
  148  18:33  Zergling x2  
  150  18:40  Zergling x6  
  146  18:42  Zergling x6  
  146  18:45  Hydralisk Den  
  146  18:46  Zergling x4  
  145  18:51  Zergling x8  
  147  18:56  Zergling x4  
  147  18:57  Baneling, Zergling x4  
  147  18:58  Baneling x25  
  138  19:03  Zergling x4  
  138  19:06  Zergling x2  
  138  19:07  Zergling x4  
  132  19:10  Zergling x2  
  132  19:13  Zergling x2  
  132  19:14  Zergling x4  
  131  19:17  Zergling x12  
  131  19:23  Zergling x2  
  130  19:25  Hatchery  
  130  19:26  Hatchery  
  130  19:28  Zergling x4  
  130  19:32  Hydralisk  
  130  19:36  Zergling x2  
  131  19:38  Hydralisk  
  131  19:41  Queen x2  
  130  19:46  Zergling x2  
  130  19:49  Zergling x10  
  130  19:50  Zergling x6  
  138  19:59  Zergling x4  
  136  20:03  Zergling x2  
  127  20:15  Spawning Pool  
  123  20:21  Baneling  
  102  20:41  Drone x11  
  102  20:42  Drone  
  102  20:56  Lurker x3  
  102  20:57  Lurker x2  
  107  21:01  Spawning Pool  
  107  21:03  Zergling x14  
  95  21:04  Spawning Pool  
  85  21:11  Zergling x2  
  85  21:12  Zergling x2  
  83  21:19  Zergling x2  
  83  21:23  Zergling x2  
  83  21:24  Zergling x2  
  83  21:32  Zergling x2  
  83  21:33  Zergling x4  
  83  21:39  Zergling x2  
  76  21:45  Baneling Nest, Zergling x4  
  76  21:53  Zergling x2  
  76  21:54  Zergling x2  
  72  22:04  Zergling x2  
  72  22:05  Zergling x2  
  66  22:14  Baneling Nest, Zergling x2  
  66  22:15  Zergling x2  
  67  22:27  Zergling x4  
  68  22:36  Zergling x4  
  70  22:37  Baneling x5  
  70  22:44  Zergling x12  
  75  22:52  Zergling x2  
  74  22:59  Zergling x2  
  74  23:01  Baneling x11  
  74  23:02  Zergling x2  
  69  23:05  Zergling x2  
  69  23:11  Zergling x4  
  69  23:12  Zergling x4  
  34  23:47  Zergling x2  
  27  24:32  Zergling x2  

Tags
 
Add a new tag
Caveats
  • Supply blocks, unpowered buildings, or Contaminate may cause inaccurate times.
  • Supply counts are checked every 10 seconds.